 Dungeon Crawl Stone Soup version 0.31-a0-1074-g0b22e4e0f1 (webtiles) character file.

Game seed: 2982758539267195255

4 drugrobin the Sneak (level 1, -2/18 HPs)
             Began as a Demigod Delver on Dec 7, 2023.
             Slain by a hound (3 damage)
             ... on level 5 of the Dungeon.
             The game lasted 00:02:30 (234 turns).

drugrobin the Sneak (Demigod Delver)                 Turns: 234, Time: 00:02:31

Health: -2/18      AC:  3    Str: 13    XL:     1   Next: 40%
Magic:  3/3        EV: 11    Int: 12    God:
Gold:   11         SH:  0    Dex: 15    Spells: 0/0 levels left

rFire   . . .        b - +0 quarterstaff
rCold   . . .        (shield currently unavailable)
rNeg    . . .        h - +0 leather armour
rPois   .            (no helmet)
rElec   .            (no cloak)
rCorr   .            (no gloves)
SInv    .            (no boots)
Will    .....        (no amulet)
Stlth   +++          (no ring)
HPRegen 0.23/turn    (no ring)
MPRegen 0.08/turn

%: no passive effects
@: no status effects
A: high MP 1, forlorn, divine attributes
a: no special abilities


You were on level 5 of the Dungeon.
You visited 1 branch of the dungeon, and saw 2 of its levels.

You collected 11 gold pieces.

Inventory:

Hand Weapons
 a - a +0 flail
 b - a +0 quarterstaff (weapon)
 j - a +0 mace
Armour
 h - a +0 leather armour (worn)
 i - a +0 kite shield
Jewellery
 k - a +6 ring of intelligence
Scrolls
 c - a scroll of fog
 d - a scroll of revelation
 e - a scroll of fear
Potions
 f - a potion of haste


   Skills:
 - Level 2.6 Fighting
 + Level 2.1 Maces & Flails
 - Level 1.7 Dodging
 - Level 4.5 Stealth


You couldn't memorise any spells.
You didn't know any spells.
Your spell library was empty.

Dungeon Overview and Level Annotations

Branches:
Dungeon (5/15)
 Temple: D:4-7


Innate Abilities, Weirdness & Mutations

You have an increased reservoir of magic. (+10% MP)
You shall have no god before yourself.
Your divine heritage dramatically boosts your attributes as you level up.


Message History

Unknown command.
Unknown command.
Unknown command.
There is a stone staircase leading down here.
Unknown command.
Unknown command.
Unknown command.
Unknown command.
The gnoll hits you with a +0 spear.
There is a stone staircase leading down, spattered with blood here.
Unknown command.
Unknown command.
The gnoll hits you with a +0 spear.
You climb downwards.
The hound bites you.
An adder comes into view.
The hound closely misses you.
There is a stone staircase leading up here.
Okay, then.
Unknown command.
Aiming: Dig
Press: ? - help, Shift-Dir - straight line A rock wall.
The rock shatters into small pieces.
The adder hisses angrily.
The now-empty wand crumbles to dust.
The hound bites you. The gnoll barely misses you. The hound misses you.
Unknown command.
Unknown command.
The gnoll hits you from afar with a +0 spear.
* * * LOW HITPOINT WARNING * * *
Unknown command.
Unknown command.
Unknown command.
Unknown command.
Unknown command.
The hound attacks as it pursues you! The hound bites you.
* * * LOW HITPOINT WARNING * * *
The gnoll attacks as it pursues you! The gnoll closely misses you.
The hound bites you.
You die...

###.)##..# #####..##..#
#..#.......+ .
#..'.......# !####
#..#.......# ....
##.######### #S.#
##†###########+###..#
.....>...........+..#
................@#..#
#######'####....#h..#
### #...#
#######g.##...#
###'#####..............
##§≈.≈≈≈##..............
#§§§...≈≈#.............#
#≈§§.#..≈#.....#..##...#
#≈.###..≈##....#### ####
#§..###.≈##'####


You could see a hound and a gnoll.

Vanquished Creatures
  3 jackals (D:5)
3 creatures vanquished.

Notes
Turn   | Place    | Note
-------+----------+-------------------------------------------
     0 | D:5      | drugrobin the Demigod Delver began the quest for the Orb.
     0 | D:5      | Reached XP level 1. HP: 18/18 MP: 3/3
    27 | D:5      | Noticed a scorpion
    27 | D:5      | Noticed an iguana
    63 | D:5      | Noticed a black bear
   210 | D:5      | Noticed a hound
   234 | D:5      | Slain by a hound

Illustrated notes

Levels and vault maps discovered:
D:4:      layout_layer_cave, mainiacjoe_overflow_six_doors_small,
          mainiacjoe_overflow_chevrons, dk_vineyard_2
D:5:      layout_gridville, gammafunk_ghost_nasty_kobolds, eino_tiny_chamber,
          chequers_serial_rivers_room_a, kennysheep_another_room,
          dreamdust_gnoll_farm

Skill      XL: |  1 |
---------------+----+-----
Maces & Flails | 2 |  2.1
Fighting       | |  2.6
Dodging        | |  1.7
Stealth        | |  4.5

Action                     || total
---------------------------++-------
  Melee: Quarterstaff      ||    13
  Evoke: Wand              ||     3
 Armour: Leather armour    ||    16
  Dodge: Dodged            ||    14

Table legend: (Time is in decaauts)
 A = Elapsed time spent in this place.
 B = Non-inter-level travel time spent in this place.
 C = Inter-level travel time spent in this place.
 D = Time resting spent in this place.
 E = Time spent auto-exploring this place.
 F = Levels seen in this place.
 G = Mean time per level.
                   A        B        C        D        E       F      G
               +--------+--------+--------+--------+--------+-----+--------+
         Total |    234 |    234 |      0 |      0 |     20 |   2 |  117.0 |
       Dungeon |    234 |    234 |      0 |      0 |     20 |   2 |  117.0 |
               +--------+--------+--------+--------+--------+-----+--------+

Top non-repeatable levels by time:
     D:5: 220 daAuts
     D:4: 14 daAuts
